 Dungeon Crawl Stone Soup version 0.31-a0-229-g1fc7ce93e2 (webtiles) character file.

Game seed: 6813698826299633599

24 Nietzsche the Conjurer (level 2, 0/1 (22) HPs)
             Began as a Demonspawn Reaver on July 6, 2023.
             Slain by a rat (1 damage)
             ... on level 1 of the Dungeon.
             The game lasted 00:03:02 (448 turns).

Nietzsche the Conjurer (Demonspawn Reaver)           Turns: 448, Time: 00:03:03

HP:   0/1 (22)      AC:  4    Str: 12    XL:     2   Next: 79%
MP:   5/5           EV: 11    Int: 14    God:
Gold: 35            SH:  0    Dex: 11    Spells: 4/5 levels left

rFire   . . .        a - +0 spear
rCold   . . .        (no shield)
rNeg    . . .        b - +0 leather armour
rPois   .            (no helmet)
rElec   .            c - +0 cloak
rCorr   .            (no gloves)
SInv    .            (no boots)
Will    .....        (no amulet)
Stlth   +            (no ring)
HPRegen 0.20/turn    (no ring)
MPRegen 0.09/turn

%: no passive effects
@: extremely drained
A: powered by death 1
a: no special abilities


You were on level 1 of the Dungeon.
You visited 1 branch of the dungeon, and saw 1 of its levels.

You collected 35 gold pieces.

Inventory:

Hand Weapons
 a - a +0 spear (weapon)
Armour
 b - a +0 leather armour (worn)
 c - a +0 cloak (worn)


   Skills:
 + Level 2.0 Fighting
 + Level 3.0 Polearms
 + Level 1.8 Dodging
 + Level 2.1 Spellcasting
 + Level 3.2 Conjurations
 * Level 1.4 Necromancy


You had 4 spell levels left.
You knew the following spells:

 Your Spells              Type           Power      Damage    Failure   Level
a - Kiss of Death         Conj/Necr      32%        2d7       12%         1

Your spell library contained the following spells:

 Spells                   Type           Power      Damage    Failure   Level
 Momentum Strike          Conj/Tloc      12%        3d8       22%         2
 Cigotuvi's Dreadful Rot  Necr/Pois/Air  4%         N/A       36%         2
 Hailstorm                Conj/Ice       6%         3d4       41%         3
 Ignite Poison            Fire/Tmut/Pois 1%         N/A       65%         3
 Inner Flame              Hex/Fire       1%         N/A       65%         3
 Flame Wave               Conj/Fire      6%         2d5       83%         4
 Sticky Flame             Conj/Fire      6%         2d3       83%         4
 Freezing Cloud           Conj/Ice/Air   2%         6-21      99%         5


Dungeon Overview and Level Annotations

Branches:
Dungeon (1/15)

Altars:

Shops:
D:1 (


Innate Abilities, Weirdness & Mutations

You regenerate a little health from kills.


Message History

You feel drained.
Unknown command.
The rat bites you but does no damage.
Casting: Kiss of Death (safe; 12% risk of failure)
Confirm with . or Enter, or press ? or * to list all spells.
Aiming: Kiss of Death (safe; 12% risk of failure)
Press: ? - help, Shift-Dir - straight line, f - rat
Aim: a rat (100% to hit)
The negative energy hits the rat!
The rat is drained!
You kill the rat!
You feel drained.
You see here a +0 club.
There is an entrance to Niwned's Weapon Shoppe here.
There is an entrance to Niwned's Weapon Shoppe here.
You reach to attack!
You hit the giant cockroach but do no damage.
You hit the giant cockroach but do no damage.
Your punch misses the giant cockroach. The giant cockroach barely misses you.
You closely miss the giant cockroach.
The giant cockroach bites you but does no damage.
You hit the giant cockroach.
You kill the giant cockroach!
Your Polearms skill increases to level 3!
No target in view!
There is an entrance to Niwned's Weapon Shoppe here.
You see here a giant cockroach corpse.
You pick up a book of Flames and begin reading...
You add the spells Inner Flame, Sticky Flame and Flame Wave to your library.
Found a club.
A rat comes into view.
A rat is nearby!
An endoplasm comes into view.
Found a scroll labelled QOVUNIBELOE.
You reach to attack!
You closely miss the rat.
The endoplasm quivers.
You hit the rat but do no damage. The rat closely misses you.
You hit the rat but do no damage. The rat bites you but does no damage.
You hit the rat but do no damage. The rat bites you.
Ouch! That really hurt!
You die...

#..######............
#..#################
#......# #####......#
...........#
...........##
............##
.............#
......)@...#.## ..
.....Jr....#..# ...
#.....#..####.##
#.... #.....#...
#..#####.... ##...
#.... ##..........
#... ......
###........ ##.
#......# #........ #?
....### #........
#........


You could see an endoplasm and a rat.

Vanquished Creatures
  2 dart slugs (D:1)
  2 ball pythons (D:1)
  3 endoplasms (D:1)
  A giant cockroach (D:1)
  2 hobgoblins (D:1)
  A kobold (D:1)
  2 bats (D:1)
  A frilled lizard (D:1)
  3 goblins (D:1)
  2 rats (D:1)
19 creatures vanquished.

Notes
Turn   | Place    | Note
-------+----------+-------------------------------------------
     0 | D:1      | Nietzsche the Demonspawn Reaver began the quest for the
                  | Orb.
     0 | D:1      | Reached XP level 1. HP: 16/16 MP: 3/3
    63 | D:1      | Reached skill level 1 in Necromancy
   164 | D:1      | Gained mutation: You regenerate a little health from kills.
                  | [demonic ancestry]
   164 | D:1      | Reached XP level 2. HP: 8/8 MP: 1/5
   370 | D:1      | Found Niwned's Weapon Shoppe.
   448 | D:1      | Slain by a rat

Illustrated notes

Levels and vault maps discovered:
D:1:      dpeg_arrival_water_temple_mockup, layout_basic, serial_shops,
          nicolae_square_shop, minmay_unequal

Skill      XL: |  1  2 |
---------------+-------+-----
Necromancy     | 1 |  1.4
Polearms       | 3 |  3.0
Fighting       | |  2.0
Dodging        | |  1.8
Spellcasting   | |  2.1
Conjurations   | |  3.2

Action                     || total
---------------------------++-------
  Melee: Spear             ||    24
   Cast: Kiss of Death     ||    12
 Armour: Leather armour    ||    21
  Dodge: Dodged            ||    36

Table legend: (Time is in decaauts)
 A = Elapsed time spent in this place.
 B = Non-inter-level travel time spent in this place.
 C = Inter-level travel time spent in this place.
 D = Time resting spent in this place.
 E = Time spent auto-exploring this place.
 F = Levels seen in this place.
 G = Mean time per level.
                   A        B        C        D        E       F      G
               +--------+--------+--------+--------+--------+-----+--------+
         Total |    446 |    446 |      0 |      0 |    310 |   1 |  446.0 |
       Dungeon |    446 |    446 |      0 |      0 |    310 |   1 |  446.0 |
               +--------+--------+--------+--------+--------+-----+--------+

Top non-repeatable levels by time:
     D:1: 446 daAuts
